 Dungeon Crawl Stone Soup version 0.17.1-2-g5865329 (webtiles) character file.

100 xeno23 the Charmwright (level 4, -1/30 HPs)
             Began as a High Elf Skald on Jan 31, 2016.
             Killed from afar by Sigmund (3 damage)
             ... with a puff of flame
             ... on level 2 of the Dungeon.
             The game lasted 00:07:09 (1491 turns).

xeno23 the Charmwright (High Elf Skald)             Turns: 1491, Time: 00:07:09

Health: -1/30      AC:  5    Str: 16    XL:     4   Next: 47%
Magic:  9/9        EV: 12    Int: 16    God:
Gold:   62         SH:  0    Dex: 14    Spells: 3 memorised, 2 levels left

rFire  . . .     SeeInvis .     a - +1 falchion
rCold  . . .     Clarity  .     n - +0 robe
rNeg   . . .     SustAt   .     (no shield)
rPois  .         Gourm    .     i - +0 helmet
rElec  .         Spirit   .     (no cloak)
rCorr  .         Warding  .     (no gloves)
rMut   .         Stasis   .     j - +1 pair of boots
MR     .....                    m - amulet of faith
Stlth  +.........               (no ring)
                                l - +4 ring of strength

@: lethally poisoned (-1 -> -15), not resistant to hostile enchantments, very
unstealthy
A: no striking features
a: no special abilities


You were on level 2 of the Dungeon.
You were hungry.

You visited 1 branch of the dungeon, and saw 2 of its levels.

You collected 62 gold pieces.

Inventory:

Hand Weapons
 a - a +1 falchion (weapon)
Armour
 b - a +0 leather armour
 i - a +0 helmet (worn)
 j - a +1 pair of boots (worn)
 n - a +0 robe (worn)
Jewellery
 l - a +4 ring of strength (left hand)
 m - an amulet of faith (around neck)
Scrolls
 p - a scroll of enchant armour
Books
 c - a book of Battle

   Spells                             Type                      Level
   a - Infusion                       Charms                       1
   b - Shroud of Golubria             Charms/Translocation         2
   c - Song of Slaying                Charms                       2
   d - Spectral Weapon                Hexes/Charms                 3
   e - Regeneration                   Charms/Necromancy            3
Comestibles
 d - a bread ration
 f - 2 fruits
 g - 2 meat rations


   Skills:
 * Level 2.9 Fighting
 * Level 3.7 Long Blades
 + Level 1.5 Armour
 + Level 1.8 Dodging
 + Level 2.9 Spellcasting
 + Level 3.9 Charms


You had 2 spell levels left.
You knew the following spells:

 Your Spells              Type           Power        Failure   Level  Hunger
a - Infusion              Chrm           ##....       4%          1    #......
d - Shroud of Golubria    Chrm/Tloc      #.........   14%         2    ##.....
s - Spectral Weapon       Hex/Chrm       #.......     28%         3    ###....


Dungeon Overview and Level Annotations

Branches:
Dungeon (2/15)

Altars:
Cheibriados
Qazlal

Annotations:
D:2 Sigmund


Message History

The magic dart hits you!
* * * LOW HITPOINT WARNING * * *
You take 5 damage.
Drink which item? (? for menu, Esc to quit)
It was a potion of cancellation.
You feel magically purged.
Drink which item? (? for menu, Esc to quit)
It was a potion of poison.
That liquid tasted very nasty...
You are lethally poisoned!
* * * LOW HITPOINT WARNING * * *
You feel sick.
You take 2 damage.
* * * LOW HITPOINT WARNING * * *
You feel sick.
You take 1 damage.
* * * LOW HITPOINT WARNING * * *
You feel sick.
A puff of flame appears from out of thin air!
The puff of flame hits you!
You die...

####### .# #.....# .#
#.....# .# ###.....####
.# #...[......# .# .
#####..........###.###...
#....>...@...............
#.###....................
#.#
#....รท.....###.###...
#.# #..........# .# #.#
#..........# .# #.#
#..........# .# #.#
#..........# .# #.#
#..........# .# #.#
############ .#


There were no monsters in sight!

Vanquished Creatures
  Ijyb (D:2)
  Natasha (D:2)
  An ooze (D:1)
  A worm (D:2)
  3 giant geckos
  A ball python (D:2)
  4 giant cockroaches
  5 hobgoblins
  A quokka (D:2)
  3 bats
  3 giant newts
  5 goblins
  5 kobolds (D:1)
  4 rats
38 creatures vanquished.

Notes
Turn   | Place    | Note
--------------------------------------------------------------
     0 | D:1      | xeno23 the High Elf Skald began the quest for the Orb.
     0 | D:1      | Reached XP level 1. HP: 14/14 MP: 4/4
    78 | D:1      | Reached skill level 1 in Armour
   128 | D:1      | Reached XP level 2. HP: 13/19 MP: 6/6
   488 | D:1      | Learned a level 2 spell: Shroud of Golubria
   691 | D:1      | Reached XP level 3. HP: 21/25 MP: 7/7
   995 | D:2      | Found a snail-covered altar of Cheibriados.
  1142 | D:2      | Found a stormy altar of Qazlal.
  1163 | D:2      | Noticed Natasha
  1167 | D:2      | Noticed Ijyb
  1300 | D:2      | Killed Natasha
  1300 | D:2      | Reached XP level 4. HP: 18/30 MP: 2/9
  1306 | D:2      | Learned a level 3 spell: Spectral Weapon
  1346 | D:2      | Killed Ijyb
  1477 | D:2      | Noticed Sigmund
  1491 | D:2      | Killed from afar by Sigmund

Action                   |  1- 3 |  4- 6 || total
-------------------------+-------+-------++-------
Melee: Falchion          |   135 |    35 ||   170
 Cast: Infusion          |    12 |     3 ||    15
       Shroud of Golubri |     5 |     2 ||     7
  Use: Scroll            |       |     4 ||     4
       Potion            |       |     2 ||     2
 Stab: Sleeping          |     2 |       ||     2
  Eat: Chunk             |     1 |     1 ||     2
